Map: [ESL] Oceanborn

Players

MacSed

  • Race: Protoss Protoss
  • Spawn Location: 11:00

SCV - Winner!

  • Race: Protoss Protoss
  • Spawn Location: 5:00

Event: ESL SC2 Masters 2024 Spring (Regional)

VOD

Have the link to the VOD?

Description

Time

  • Played on: April 14, 2024, 8:51 a.m.
  • Length: 18:27

All games in this series

Show
View Real Time Build Order
Export as new Build Order

MacSed Protoss 

Build Orders: Blink Stalkers 

Get SALT Encoding   

  12  0:00  Probe  
  13  0:12  Probe  
  14  0:21  Pylon  
  14  0:24  Probe  
  15  0:39  Probe (Chrono Boost), Gateway  
  16  0:48  Assimilator, Probe (Chrono Boost)  
  17  0:53  Probe (Chrono Boost)  
  17  0:56  Assimilator  
  18  1:05  Probe (Chrono Boost)  
  18  1:08  Gateway  
  19  1:13  Probe (Chrono Boost)  
  20  1:19  Probe  
  21  1:26  Cybernetics Core  
  21  1:31  Probe  
  22  1:33  Pylon  
  22  1:43  Probe  
  23  1:55  Probe  
  24  2:02  Warp Gate (Chrono Boost)  
  24  2:03  Stalker x2  
  24  2:08  Probe  
  29  2:14  Pylon  
  29  2:32  Sentry  
  29  2:35  Sentry  
  33  2:42  Nexus  
  33  2:44  Probe  
  34  2:55  Twilight Council  
  34  2:56  Probe  
  35  3:05  Shield Battery  
  35  3:08  Probe  
  36  3:20  Probe  
  36  3:24  Blink (Chrono Boost)  
  36  3:25  Pylon  
  37  3:32  Probe  
  38  3:43  Stalker x2  
  38  3:44  Probe  
  43  3:56  Probe x2  
  45  4:08  Probe x2  
  44  4:17  Stalker x2  
  44  4:20  Probe x2  
  50  4:32  Probe  
  50  4:33  Probe  
  52  4:42  Stalker x2  
  52  4:44  Probe  
  52  4:45  Probe  
  54  4:49  Pylon  
  54  4:56  Probe  
  54  4:57  Probe  
  56  5:06  Stalker x2  
  60  5:11  Probe  
  60  5:12  Probe, Gateway  
  62  5:19  Pylon  
  56  5:23  Probe  
  56  5:27  Probe  
  58  5:29  Stalker x2  
  62  5:36  Probe  
  62  5:39  Probe  
  64  5:48  Probe  
  65  5:51  Probe  
  65  5:53  Nexus  
  65  5:57  Pylon  
  66  6:00  Probe  
  67  6:06  Probe  
  68  6:12  Probe  
  68  6:14  Stalker x3  
  75  6:25  Probe  
  68  6:28  Shield Battery  
  68  6:30  Probe  
  67  6:38  Stalker  
  67  6:39  Stalker x2  
  72  6:41  Probe  
  72  6:46  Probe  
  74  6:53  Pylon, Probe, Gateway  
  75  6:54  Assimilator  
  75  6:58  Forge  
  75  7:02  Shield Battery  
  75  7:05  Stalker x2, Probe  
  80  7:16  Stalker  
  80  7:18  Probe  
  80  7:20  Probe  
  84  7:24  Probe  
  84  7:29  Adept x2  
  89  7:31  Probe  
  89  7:32  Probe  
  91  7:39  Protoss Ground Weapons Level 1 (Chrono Boost)  
  89  7:45  Stalker  
  89  7:48  Stalker  
  89  7:49  Probe  
  89  7:51  Probe x2  
  95  7:57  Adept x2  
  94  8:01  Probe  
  94  8:03  Probe  
  94  8:05  Probe  
  97  8:06  Charge  
  97  8:08  Gateway  
  97  8:14  Probe  
  97  8:15  Robotics Facility  
  97  8:18  Probe  
  99  8:20  Stalker x2, Probe  
  99  8:26  Probe  
  103  8:30  Probe  
  100  8:34  Stalker  
  100  8:35  Stalker  
  100  8:40  Gateway  
  105  8:43  Gateway x2  
  104  8:51  Pylon  
  104  9:01  Pylon  
  104  9:03  Gateway  
  104  9:04  Pylon  
  104  9:05  Pylon  
  104  9:07  Pylon  
  104  9:09  Pylon  
  104  9:12  Pylon, Photon Cannon  
  104  9:13  Stalker x2, Photon Cannon  
  108  9:21  Warp Prism (Chrono Boost)  
  108  9:22  Protoss Ground Weapons Level 2 (Chrono Boost)  
  108  9:23  Stalker x2  
  114  9:41  Photon Cannon  
  114  9:43  Stalker x4  
  122  9:47  Stalker  
  124  10:05  Stalker  
  124  10:06  Stalker x2  
  126  10:09  Zealot x4  
  126  10:13  Stalker  
  134  10:40  Probe  
  129  10:43  Zealot x5  
  129  10:44  Zealot x3  
  143  10:53  Probe  
  144  11:04  Nexus  
  142  11:08  Stalker x2  
  142  11:09  Stalker x5  
  154  11:13  Pylon  
  150  11:20  Pylon  
  150  11:21  Probe  
  150  11:23  Pylon  
  150  11:24  Pylon  
  151  11:26  Pylon  
  151  11:28  Zealot  
  153  11:34  Zealot x6  
  141  11:56  Zealot x8  
  155  12:03  Photon Cannon  
  155  12:04  Shield Battery  
  155  12:08  Probe  
  156  12:09  Probe x2  
  158  12:17  Zealot x6  
  158  12:20  Probe  
  158  12:21  Probe  
  158  12:33  Stalker x2  
  136  12:44  Stalker x4  
  136  12:45  Stalker x2  
  136  12:50  Probe x2  
  120  12:58  Zealot  
  120  12:59  Zealot  
  116  13:08  Protoss Ground Weapons Level 3 (Chrono Boost), Probe  
  116  13:09  Probe x2  
  119  13:13  Stalker x6  
  119  13:16  Dark Shrine  
  131  13:22  Stalker  
  131  13:26  Stalker  
  135  13:29  Observer  
  132  14:00  Zealot x8  
  130  14:02  Stalker x2  
  130  14:03  Stalker x5  
  130  14:06  Pylon, Probe  
  130  14:09  Probe x2  
  147  14:10  Assimilator  
  147  14:12  Assimilator  
  125  14:30  Zealot x8  
  131  14:42  Gateway  
  131  14:43  Gateway  
  130  14:50  Dark Templar x3  
  136  14:55  Zealot x5  
  136  14:57  Probe x3  
  149  15:07  Forge  
  149  15:11  Nexus  
  149  15:15  Stalker x5  
  154  15:33  Zealot x3  
  154  15:35  Warp Prism (Chrono Boost)  
  160  15:40  Zealot x5  
  160  15:41  Zealot x2  
  174  15:49  Nexus  
  174  16:01  Zealot, Stalker x8  
  192  16:20  Pylon  
  192  16:25  Zealot x4  
  184  16:44  Zealot x2  
  184  16:45  Zealot x7  
  134  17:07  Zealot x2, Stalker x5  
  136  17:20  Stalker x3  
  138  17:30  Photon Cannon  
  138  17:32  Shield Battery  
  138  17:42  Zealot x7  
  148  17:48  Observer, Stalker x2  
  148  17:49  Stalker  
  149  18:10  Zealot x7  
Show
View Real Time Build Order
Export as new Build Order

SCV Protoss - Winner!

Build Orders: Oracle Opening 

Get SALT Encoding   

  12  0:00  Probe  
  13  0:12  Probe  
  14  0:18  Pylon  
  14  0:25  Probe (Chrono Boost)  
  15  0:37  Probe (Chrono Boost), Gateway  
  16  0:45  Probe (Chrono Boost)  
  16  0:46  Assimilator  
  17  0:51  Probe  
  17  0:54  Assimilator  
  18  1:03  Probe (Chrono Boost)  
  19  1:08  Gateway  
  19  1:13  Probe (Chrono Boost)  
  19  1:18  Probe (Chrono Boost)  
  20  1:24  Cybernetics Core  
  21  1:30  Probe  
  22  1:33  Pylon  
  22  1:42  Probe  
  23  1:54  Probe  
  24  2:01  Stalker x2  
  24  2:02  Warp Gate  
  28  2:11  Pylon  
  28  2:24  Stargate  
  28  2:26  Pylon  
  28  2:44  Nexus  
  28  2:46  Probe  
  29  2:58  Probe  
  30  3:04  Shield Battery  
  30  3:07  Oracle (Chrono Boost)  
  30  3:10  Probe  
  34  3:22  Probe  
  34  3:26  Pylon  
  35  3:34  Oracle (Chrono Boost), Probe  
  35  3:38  Twilight Council  
  39  3:47  Probe (Chrono Boost)  
  40  3:56  Probe (Chrono Boost)  
  42  4:04  Probe (Chrono Boost)  
  42  4:05  Probe (Chrono Boost)  
  43  4:10  Probe (Chrono Boost)  
  43  4:11  Probe (Chrono Boost)  
  45  4:21  Gateway x2  
  45  4:22  Probe x2  
  47  4:27  Blink (Chrono Boost)  
  47  4:29  Stalker  
  47  4:30  Stalker  
  51  4:34  Probe  
  51  4:35  Probe  
  53  4:46  Pylon  
  53  4:53  Stalker x2  
  57  5:01  Nexus  
  57  5:04  Probe x2  
  59  5:13  Shield Battery  
  59  5:16  Probe x2  
  61  5:22  Stalker x2  
  61  5:23  Stalker  
  61  5:28  Assimilator  
  64  5:33  Stalker  
  66  5:36  Pylon  
  66  5:38  Pylon  
  66  5:41  Shield Battery  
  66  5:51  Pylon  
  66  5:54  Stalker x2  
  70  6:00  Pylon, Probe x2  
  69  6:13  Probe x2  
  69  6:14  Stalker x2  
  69  6:17  Pylon x2  
  75  6:21  Stalker x2  
  75  6:25  Probe  
  75  6:32  Pylon  
  75  6:38  Stalker x2  
  79  6:46  Nexus  
  79  6:47  Pylon  
  79  6:51  Probe x2  
  81  6:55  Robotics Facility  
  81  7:03  Probe x2  
  81  7:07  Adept  
  85  7:08  Adept  
  85  7:14  Stalker x2  
  85  7:15  Probe x2  
  93  7:16  Charge  
  93  7:20  Shield Battery  
  93  7:25  Pylon  
  93  7:27  Probe x2  
  95  7:39  Probe x2  
  95  7:41  Stalker x2  
  95  7:42  Stalker  
  103  7:45  Stalker  
  103  7:59  Observer (Chrono Boost)  
  102  8:07  Gateway  
  102  8:08  Gateway  
  102  8:10  Assimilator, Forge  
  102  8:11  Gateway  
  102  8:13  Gateway  
  102  8:14  Pylon  
  102  8:17  Observer (Chrono Boost)  
  103  8:23  Stalker x3  
  103  8:26  Probe x2  
  106  8:38  Stalker  
  106  8:41  Pylon  
  108  8:49  Stalker x3  
  108  8:53  Protoss Ground Weapons Level 1 (Chrono Boost)  
  114  8:55  Pylon  
  114  8:57  Nexus  
  114  9:06  Zealot x4  
  122  9:11  Zealot  
  122  9:13  Zealot  
  122  9:16  Zealot x2  
  130  9:21  Shield Battery  
  128  9:34  Observer  
  128  9:37  Zealot x7  
  139  9:43  Forge  
  139  9:48  Photon Cannon  
  139  9:52  Pylon  
  135  10:05  Stalker x5  
  139  10:12  Stalker x2  
  139  10:13  Stalker  
  142  10:22  Gateway x2  
  141  10:30  Zealot x4  
  148  10:43  Zealot x4  
  148  10:46  Probe x2  
  148  10:59  Zealot x4  
  148  11:02  Protoss Ground Weapons Level 2 (Chrono Boost), Immortal (Chrono Boost)  
  150  11:24  Stalker x6  
  162  11:34  Stalker x3  
  162  11:35  Observer  
  144  11:48  Zealot x6  
  144  11:53  Zealot  
  150  12:00  Probe x4  
  154  12:03  Stalker x2  
  154  12:05  Stalker  
  160  12:12  Probe x2  
  158  12:16  Stalker x3  
  154  12:29  Zealot x6  
  156  12:33  Protoss Ground Armor Level 1 (Chrono Boost)  
  156  12:36  Stalker  
  142  12:41  Zealot x3  
  136  12:50  Zealot x4  
  124  12:58  Stalker x2  
  124  13:00  Stalker  
  124  13:03  Zealot x2  
  120  13:10  Stalker x3  
  126  13:20  Stalker x2  
  126  13:24  Zealot x3  
  136  13:29  Pylon  
  136  13:38  Stalker x3  
  142  13:44  Zealot x4  
  143  13:57  Zealot x3  
  143  14:02  Protoss Ground Weapons Level 3 (Chrono Boost)  
  147  14:04  Zealot x3  
  147  14:05  Zealot x4  
  161  14:11  Probe  
  160  14:24  Zealot x3, Stalker x3  
  150  14:27  Pylon  
  152  14:35  Pylon  
  152  14:38  Nexus  
  152  14:43  Photon Cannon  
  152  14:50  Observer  
  152  14:51  Protoss Ground Armor Level 2 (Chrono Boost), Dark Shrine  
  152  14:57  Zealot x4  
  152  14:59  Zealot  
  162  15:00  Zealot  
  164  15:07  Photon Cannon  
  164  15:10  Shield Battery  
  164  15:15  Probe x3  
  164  15:20  Zealot  
  167  15:31  Photon Cannon  
  163  15:38  Zealot x5  
  163  15:39  Pylon  
  163  15:42  Pylon  
  173  15:51  Photon Cannon  
  173  15:54  Pylon  
  173  15:58  Assimilator  
  173  15:59  Assimilator  
  173  16:01  Shadow Stride (Chrono Boost)  
  173  16:05  Dark Templar  
  173  16:09  Dark Templar  
  177  16:14  Zealot x8  
  193  16:21  Photon Cannon x2  
  187  16:34  Zealot x6  
  197  16:46  Stalker  
  197  16:47  Stalker x3  
  153  16:55  Zealot  
  153  16:56  Zealot x4  
  137  17:03  Zealot  
  131  17:20  Stalker x5  
  131  17:21  Zealot x2  
  141  17:30  Zealot x3  
  141  17:33  Pylon  
  145  17:45  Stalker x4  
  145  17:46  Zealot  
  145  17:49  Zealot  
  145  17:50  Zealot  
  157  18:06  Zealot x4  
  157  18:12  Dark Templar  
  143  18:19  Zealot x5  
Tags
 
Add a new tag
Caveats
  • Supply blocks, unpowered buildings, or Contaminate may cause inaccurate times.
  • Supply counts are checked every 10 seconds.